 Dungeon Crawl Stone Soup version 0.25-a0-251-g572059c536 (webtiles) character file.

Game seed: 4029970810628427642, levelgen mode: deterministic

182206 MisterFreud the Peltast (level 18, -3/120 HPs)
             Began as an Octopode Wanderer on Dec 3, 2019.
             Was the Champion of Cheibriados.
             Slain by an emperor scorpion (4 damage)
             ... on level 4 of the Spider Nest on Dec 4, 2019.
             The game lasted 01:22:56 (29644 turns).

MisterFreud the Peltast (Octopode Wanderer)        Turns: 29644, Time: 01:22:56

Health: -3/120     AC:  2    Str: 27 (28) XL:     18   Next: 33%
Magic:  1/32       EV: 24    Int: 46 (50) God:    Cheibriados [******]
Gold:   917        SH: 17    Dex: 27      Spells: 27/37 levels left

rFire    . . .     SeeInvis .   G - +2 demon trident (venom)
rCold    + . .     Gourm    .   j - +1 shield
rNeg     + . .     Faith    .   N - +1 hat
rPois    +         Spirit   .   H - amulet of regeneration
rElec    .         Reflect  .   Y - +2 ring of intelligence
rCorr    +         Harm     .   r - ring of positive energy
MR       +....                  w - ring "Ciag" {rPois rCorr Str+2 Slay+2}
Stlth    ++++......             d - +6 ring of intelligence
HPRegen  0.70/turn              T - ring of wizardry
MPRegen  0.23/turn              a - +3 ring of intelligence
                                s - +2 ring of intelligence
                                X - ring of protection from cold

@: lethally poisoned (-3 -> -21), about to teleport, very slow
A: almost no armour, stealthy swim, amphibious, 8 rings, constrict 8, camouflage
1, gelatinous body 1
a: Bend Time, Temporal Distortion, Slouch, Step From Time, Renounce Religion


You were on level 4 of the Spider Nest.
You worshipped Cheibriados.
Cheibriados was exalted by your worship.
You were not hungry.

You visited 6 branches of the dungeon, and saw 30 of its levels.
You visited the Abyss 2 times.
You also visited: Ice Cave and Volcano.

You collected 2995 gold pieces.
You spent 2078 gold pieces at shops.

Inventory:

Hand Weapons
 G - a +2 demon trident of venom (weapon)
 U - a +2 demon trident of flaming
Armour
 j - a +1 shield (worn)
 N - a +1 hat (worn)
Jewellery
 a - a +3 ring of intelligence (on tentacle)
 d - a +6 ring of intelligence (on tentacle)
 m - an uncursed ring of fire
 n - an uncursed ring of positive energy
 p - an uncursed amulet of guardian spirit
 r - a ring of positive energy (right tentacle)
 s - a +2 ring of intelligence (on tentacle)
 w - the ring "Ciag" (on tentacle) {rPois rCorr Str+2 Slay+2}
   (You found it on level 7 of the Dungeon)

   [ring of resist corrosion]

   It affects your strength (+2).
   It affects your accuracy and damage with ranged weapons and melee attacks
   (+2).
   It protects you from poison.
   It provides partial protection from all sources of acid and corrosion.
 D - an uncursed ring of ice
 H - an amulet of regeneration (around mantle)
 T - a ring of wizardry (on tentacle)
 X - a ring of protection from cold (on tentacle)
 Y - a +2 ring of intelligence (left tentacle)
Wands
 u - a wand of acid (24)
 E - a wand of clouds (8)
 F - a wand of disintegration (23)
 I - a wand of flame (70)
 L - a wand of digging (10)
Scrolls
 b - 3 scrolls of fear
 e - 15 scrolls of remove curse
 g - 6 scrolls of identify
 l - 9 scrolls of teleportation
 o - 5 scrolls of enchant weapon
 t - 8 scrolls of fog
 x - a scroll of blinking
 y - 7 scrolls of magic mapping
 A - 8 scrolls of amnesia
 J - 6 scrolls of enchant armour
 K - a scroll of silence
 P - 2 scrolls of holy word
 Z - 3 scrolls of summoning {unknown}
Potions
 c - 13 potions of curing
 h - a potion of cancellation
 i - 5 potions of agility
 k - 3 potions of might
 q - 5 potions of brilliance
 v - 2 potions of heal wounds
 z - 6 potions of ambrosia
 B - 7 potions of flight
 C - 3 potions of invisibility
 M - a potion of mutation
 O - 3 potions of resistance
 V - a potion of magic
Miscellaneous
 Q - 2 sacks of spiders
 R - a fan of gales
 W - a phantom mirror
Comestibles
 f - 54 rations


   Skills:
 - Level 10.0 Fighting
 - Level 14.0 Polearms
 - Level 10.0 Dodging
 - Level 2.6 Stealth
 - Level 15.0 Shields
 + Level 10.1 Spellcasting
 - Level 6.0 Summonings
 - Level 10.0 Transmutations
 - Level 6.0 Air Magic
 - Level 10.0 Earth Magic
 - Level 10.0 Invocations
 - Level 6.0 Evocations


You had 27 spell levels left.
You knew the following spells:

 Your Spells              Type           Power        Failure   Level  Hunger
a - Statue Form           Tmut/Erth      #######..    1%          6    ###....
b - Summon Lightning Spi  Summ/Air       ######..     1%          4    None

Your spell library contained the following spells:

 Spells                   Type           Power        Failure   Level  Hunger
 Animate Skeleton         Necr           N/A          1%          1    None
 Apportation              Tloc           ###...       1%          1    None
 Confusing Touch          Hex            ###...       1%          1    None
 Magic Dart               Conj           ###.         1%          1    None
 Summon Small Mammal      Summ           ####         1%          1    None
 Blink                    Tloc           N/A          1%          2    None
 Call Imp                 Summ           ######..     1%          2    None
 Slow                     Hex            ###.....     1%          2    None
 Call Canine Familiar     Summ           ######..     1%          3    None
 Confuse                  Hex            ###.....     1%          3    None
 Conjure Flame            Conj/Fire      ###.....     1%          3    None
 Gell's Gravitas          Tloc           ###.......   1%          3    None
 Mephitic Cloud           Conj/Pois/Air  #####...     1%          3    None
 Summon Guardian Golem    Hex/Summ       ######..     1%          3    None
 Leda's Liquefaction      Hex/Erth       ######....   1%          4    None
 Petrify                  Tmut/Erth      #######.     1%          4    None
 Summon Ice Beast         Ice/Summ       ######..     1%          4    None
 Yara's Violent Unravell  Hex/Tmut       ######....   1%          5    None
 Bolt of Magma            Conj/Fire/Erth ######....   3%          5    None
 Iron Shot                Conj/Erth      ######....   9%          6    ###....
 Metabolic Englaciation   Hex/Ice        ###.......   13%         5    None
 Shatter                  Erth           #######...   99%         9    #######


Dungeon Overview and Level Annotations

Branches:
Dungeon (15/15)            Temple (1/1) D:4            Lair (6/6) D:11
  Swamp (2/4) Lair:2       Spider (4/4) Lair:2        Slime (0/5) Lair:5
    Orc (2/2) D:12            Elf (0/3) Orc:2        Vaults (0/5) D:13
 Depths (0/5) D:15          IceCv (visited)         Volcano (visited)

Altars:
Ashenzari
Cheibriados
Dithmenos
Elyvilon
Fedhas
Gozag
Hepliaklqana
Kikubaaqudgha
Makhleb
Nemelex Xobeh
Okawaru
Qazlal
Ru
Sif Muna
Trog
Uskayaw
Vehumet
Wu Jian
Xom
Yredelemnul
Zin
The Shining One
Jiyva

Shops:
D:4 %   D:10 !   D:13 =   D:15 ?   Orc:2 [*:(

Portals:
Trove: D:13 (show abyssal rune of Zot)

Annotations:
D:3 3 runed translucent doors, mcbry's ghost, amateur TrMo
D:4 exclusion: statue
D:8 1 runed translucent door
Lair:4 exclusion: oklob plant
Lair:5 3 runed translucent doors, grouchysmurf's ghost, journeyman TrWr
Orc:1 2 transporters, Sinkib's ghost, journeyman MiFi


Innate Abilities, Weirdness & Mutations

You cannot wear most types of armour.
You are very stealthy in the water. (Stealth+)
You are amphibious.
You can wear up to eight rings at the same time.
You can use your tentacles to constrict eight enemies at once.
Your skin changes colour to match your surroundings (Stealth+).
Your rubbery body absorbs attacks. (AC +1, EV +1)


Message History

You block the redback's attack. The emperor scorpion stings you!
You are poisoned.
The emperor scorpion poisons you!
The emperor scorpion completely misses you.
The emperor scorpion claws you.
You block the emperor scorpion's attack.
The emperor scorpion claws you!
You block the emperor scorpion's attack.
The redback barely misses you.
The emperor scorpion stings you but does no damage.
The emperor scorpion misses you.
The emperor scorpion completely misses you.
The emperor scorpion stings you!!
* * * LOW HITPOINT WARNING * * *
The emperor scorpion closely misses you.
The emperor scorpion misses you. The emperor scorpion stings you!
* * * LOW HITPOINT WARNING * * *
The emperor scorpion closely misses you.
The emperor scorpion claws you.
You die...

#...#..........##..#
##≈..##...^
#...........^.###..#
#≈..###...
#.#.........^.###.##
#≈... #^..
#^#...^....^####.^#
##^..##...
#..........## ##.^#
#≈.###...
#..........# #≈.##
#..# #...
#..........# #≈.#
##.. #..........#
#≈^# ##..
##.........# #s@#
#... ##.....(..#


#sss# ##.. #.......(# ##ss.. ##. ##.....#.# #≈..≈°. ## #######.# ##≈.≈.°.# #.^#
.....≈# ##.## ≈s.#≈## #..# #≈.#.# ##.## You could see 4 emperor scorpions, a
jumping spider and 2 redbacks.

Vanquished Creatures
  Mara (Spider:3)
  Bai Suzhen (Spider:3)
  Arachne (Spider:3)
  A lich (Abyss:2)
  Gastronok (Lair:3)
  A tentacled starspawn (Abyss:2)
  A fire giant (D:15)
  Louise (Spider:3)
  An orc warlord (Orc:2)
  4 ghost moths
  2 emperor scorpions
  An angel (Abyss:2)
  5 entropy weavers
  Azrael (Spider:2)
  A dire elephant (Lair:6)
  2 spark wasps (Spider:2)
  2 blizzard demons (IceCv)
  A vault guard (D:13)
  4 hydras
  A merfolk avatar (Lair:6)
  A shambling mangrove (Swamp:2)
  A catoblepas (D:14)
  6 centaur warriors
  A death knight (D:15)
  A rakshasa (D:15)
  7 two-headed ogres
  An alligator (Lair:2)
  4 death yaks (Lair:6)
  2 tengu warriors (D:15)
  A thrashing horror (Abyss:2)
  2 orc high priests (Orc:2)
  A wretched star (Abyss:2)
  A hell knight (Volcano)
  2 unseen horrors
  3 skeletal warriors (D:13)
  A swamp dragon (Swamp:1)
  A shadow demon (Abyss:2)
  A lindwurm (shapeshifter) (D:14)
  2 wizards (D:13)
  A necromancer (D:13)
  11 orb spiders
  A harpy (Lair:6)
  6 ugly things
  25 wolf spiders
  2 deep elf magi
  2 moths of wrath
  7 orc knights (Orc:2)
  3 orc sorcerers (Orc:2)
  A cyclops (D:14)
  5 centaur zombies
  A cyclops (shapeshifter) (D:15)
  4 ice statues
  14 elephants (Lair:6)
  3 smoke demons
  3 black mambas
  2 torpor snails
  12 spiny frogs
  A rime drake (Lair:5)
  12 komodo dragons
  A dire elephant skeleton (Abyss:2)
  2 freezing wraiths (D:15)
  11 ice devils (IceCv)
  A yaktaur (D:15)
  An efreet (Abyss:2)
  An ancient zyme (Abyss:2)
  13 demonic crawlers
  3 anaconda simulacra (IceCv)
  9 meliai
  32 jumping spiders
  4 tyrant leeches
  7 trolls
  A wind drake (Lair:6)
  2 polar bears (Lair:6)
  21 blink frogs
  5 hornets
  5 slime creatures (Swamp:1)
  2 large abominations (Abyss:2)
  5 bog bodies
  8 hippogriffs
  A blink frog (shapeshifter) (D:15)
  10 dream sheep
  3 raiju (Abyss:2)
  A centaur simulacrum (D:14)
  A dire elephant simulacrum (IceCv)
  3 shadows
  32 tarantellas
  5 wyverns
  88 redbacks
  27 yaks
  A small abomination (Abyss:2)
  4 water elementals (D:13)
  5 fire elementals (Spider:2)
  22 humans
  3 wraiths
  A basilisk (D:11)
  4 hogs (D:9)
  4 vampire mosquitoes (Swamp:1)
  A neqoxec (Abyss:2)
  An iron troll simulacrum (IceCv)
  6 swamp worms
  2 wargs (Orc:2)
  A soldier ant (D:15)
  19 insubstantial wisps
  A harpy simulacrum (IceCv)
  3 hydra simulacra (IceCv)
  15 water moccasins
  6 porcupines
  2 hell hounds
  35 orc warriors
  2 ice beasts
  4 black bears
  2 swamp drakes (Swamp:1)
  3 sky beasts
  11 ogres
  An ettin simulacrum (IceCv)
  A phantom (D:11)
  An ogre (shapeshifter) (D:14)
  19 centaurs
  14 wolves
  10 crocodiles
  19 bullfrogs
  A gnoll sergeant (Orc:2)
  2 wyvern zombies
  A wyvern skeleton (D:13)
  2 scorpions
  17 wights
  3 howler monkeys
  3 electric eels (D:13)
  10 crimson imps
  A quasit (Abyss:2)
  11 orc priests
  4 jellies
  A bullfrog zombie (D:12)
  12 hounds
  3 bullfrog skeletons
  3 centaur skeletons
  An iron imp (D:5)
  2 iguanas
  Natasha (D:3)
  26 orc wizards
  17 worker ants
  2 hound zombies
  2 worker ant zombies
  9 gnolls
  A howler monkey skeleton (D:6)
  14 adders
  2 shadow imps
  2 oozes
  2 adder skeletons
  An adder zombie (D:5)
  2 worms
  4 dart slugs
  8 leopard geckos
  72 orcs
  A ball python (D:1)
  6 giant cockroaches
  7 goblins
  12 hobgoblins
  7 jackals
  6 kobolds
  A quokka (D:3)
  8 bats
  5 frilled lizards
  A goblin skeleton (D:5)
  A goblin zombie (D:5)
  A leopard gecko zombie (D:5)
  An orc skeleton (D:5)
  2 orc zombies (D:5)
  8 rats
  A fungus (Lair:5)
1026 creatures vanquished.

Vanquished Creatures (collateral kills)
  5 orb spiders
  A warg (Orc:2)
  3 orc warriors (Orc:2)
  An orc priest (Orc:2)
  2 orc wizards (Orc:2)
  4 orcs (Orc:2)
16 creatures vanquished.

Vanquished Creatures (others)
  A tarantella (Spider:4)
  A bush (Lair:6)
  19 fungi
  17 plants
  2 starspawn tentacles (Abyss:2)
40 creatures vanquished.

Grand Total: 1082 creatures vanquished

Notes
Turn   | Place    | Note
-------+----------+-------------------------------------------
     0 | D:1      | MisterFreud the Octopode Wanderer began the quest for the
                  | Orb.
     0 | D:1      | MisterFreud set off with the following items: a +2 dagger,
                  | a scroll of fear, a potion of curing, a +0 spear, a ration
     0 | D:1      | Reached XP level 1. HP: 17/17 MP: 1/1
   109 | D:1      | Reached XP level 2. HP: 10/22 MP: 2/2
   586 | D:1      | Reached XP level 3. HP: 23/27 MP: 3/3
  1694 | D:3      | Reached XP level 4. HP: 32/33 MP: 4/4
  1745 | D:3      | Found a runed translucent gate.
  1745 | D:3      | Found a runed translucent gate.
  1745 | D:3      | Found a runed translucent gate.
  1803 | D:3      | Reached XP level 5. HP: 21/37 MP: 5/5
  2086 | D:3      | Noticed an ogre
  2099 | D:3      | Noticed Natasha
  2114 | D:3      | Reached skill level 5 in Dodging
  2436 | D:3      | Noticed mcbry's ghost (amateur TrMo)
  2475 | D:3      | Killed an ogre
  2475 | D:3      | Reached XP level 6. HP: 33/43 MP: 6/6
  2648 | D:3      | Killed Natasha
  2648 | D:3      | Reached skill level 1 in Shields
  2906 | D:4      | Reached skill level 2 in Shields
  2917 | D:4      | Found Oxkem's Food Emporium.
  3068 | D:4      | Reached skill level 3 in Shields
  3068 | D:4      | Reached XP level 7. HP: 44/48 MP: 5/7
  3685 | D:4      | Reached skill level 4 in Shields
  3772 | D:4      | Found a staircase to the Ecumenical Temple.
  3782 | Temple   | Entered the Ecumenical Temple
  3842 | Temple   | Became a worshipper of Cheibriados the Contemplative
  3892 | D:4      | Found a radiant altar of Vehumet.
  4023 | D:4      | Found a hazy altar of Hepliaklqana.
  4093 | D:5      | Entered Level 5 of the Dungeon
  4247 | D:5      | Found a sacrificial altar of Ru.
  4252 | D:5      | Reached skill level 5 in Shields
  4410 | D:5      | Found a glowing golden altar of the Shining One.
  4418 | D:5      | Reached * piety under Cheibriados
  4465 | D:5      | Reached skill level 1 in Invocations
  4475 | D:5      | Reached XP level 8. HP: 38/54 MP: 7/9
  4670 | D:5      | Found a stormy altar of Qazlal.
  5152 | D:6      | Found a shadowy altar of Dithmenos.
  5164 | D:6      | Reached ** piety under Cheibriados
  5400 | D:6      | Identified a scroll of acquirement
  5437 | D:6      | Reached skill level 5 in Fighting
  5621 | D:6      | Reached skill level 6 in Shields
  5755 | D:6      | Reached XP level 9. HP: 61/61 MP: 11/11
  5958 | D:7      | Found a white marble altar of Elyvilon.
  5962 | D:7      | Found a burning altar of Makhleb.
  5962 | D:7      | Found a glowing golden altar of the Shining One.
  6351 | D:7      | Found a bloodstained altar of Trog.
  6358 | D:7      | Reached *** piety under Cheibriados
  6372 | D:7      | Got a pitted pewter ring
  6461 | D:7      | Identified the ring "Ciag" {rPois rCorr Str+2 Slay+2} (You
                  | found it on level 7 of the Dungeon)
  6496 | D:7      | Found a sparkling altar of Nemelex Xobeh.
  6827 | D:8      | Noticed a two-headed ogre
  6837 | D:8      | Killed a two-headed ogre
  6837 | D:8      | Reached skill level 7 in Shields
  6837 | D:8      | Reached skill level 5 in Invocations
  6837 | D:8      | Reached XP level 10. HP: 34/68 MP: 6/14
  6938 | D:8      | Found a runed translucent door.
  6938 | D:8      | Noticed a sixfirhy
  7407 | D:9      | Reached skill level 8 in Shields
  7412 | D:9      | Reached **** piety under Cheibriados
  7987 | D:6      | Got an ancient rapier
  7988 | D:6      | Identified the cursed +1 rapier "Arcanum" {freeze, *Corrode
                  | rN+++ MR- Dex+8} (You found it on level 6 of the Dungeon)
  8415 | D:9      | Found a blossoming altar of Fedhas.
  8554 | D:9      | Found a basalt altar of Yredelemnul.
  8556 | D:9      | Found a hide-covered altar of Uskayaw.
  8623 | D:10     | Entered Level 10 of the Dungeon
  8662 | D:10     | Noticed a two-headed ogre
  8673 | D:10     | Killed a two-headed ogre
  8673 | D:10     | Reached skill level 9 in Shields
  8771 | D:10     | Found Selaong's Distillery.
  8775 | D:10     | Bought 2 potions of curing for 90 gold pieces
  8775 | D:10     | Bought a potion of heal wounds for 75 gold pieces
  8775 | D:10     | Bought a potion of curing for 45 gold pieces
  8937 | D:10     | Reached skill level 5 in Polearms
  8937 | D:10     | Reached XP level 11. HP: 72/72 MP: 15/15
  9028 | D:10     | Reached skill level 10 in Dodging
  9435 | D:11     | Found a staircase to the Lair.
  9479 | D:11     | Reached ***** piety under Cheibriados
  9682 | D:11     | Noticed a centaur warrior
  9688 | D:11     | Killed a centaur warrior
 10199 | Lair:1   | Entered Level 1 of the Lair of Beasts
 10210 | Lair:1   | Reached skill level 10 in Shields
 11166 | Lair:2   | Reached skill level 10 in Polearms
 11166 | Lair:2   | Reached XP level 12. HP: 72/79 MP: 16/16
 11168 | Lair:2   | Found a staircase to the Swamp.
 11591 | Lair:2   | Found a hole to the Spider Nest.
 11769 | Lair:3   | Noticed Gastronok
 11781 | Lair:3   | Killed Gastronok
 11959 | Lair:3   | Noticed a four-headed hydra
 11974 | Lair:3   | Killed a four-headed hydra
 12920 | Lair:4   | Reached ****** piety under Cheibriados
 13014 | Lair:4   | Reached XP level 13. HP: 49/83 MP: 9/17
 13255 | Lair:4   | Reached skill level 1 in Spellcasting
 13785 | Lair:5   | Found a staircase to the Slime Pits.
 13806 | Lair:5   | Reached skill level 5 in Evocations
 13871 | Lair:5   | Found a bloodstained altar of Trog.
 14195 | Lair:5   | Found a runed translucent gate.
 14195 | Lair:5   | Found a runed translucent gate.
 14195 | Lair:5   | Found a runed translucent gate.
 14196 | Lair:5   | Noticed a death ooze
 14199 | Lair:5   | Noticed grouchysmurf's ghost (journeyman TrWr)
 14201 | Lair:5   | Found a viscous altar of Jiyva.
 14515 | Lair:6   | Entered Level 6 of the Lair of Beasts
 14553 | Lair:6   | Found a dark tunnel.
 14569 | Volcano  | Entered a volcano
 14607 | Volcano  | Reached skill level 5 in Spellcasting
 14860 | Lair:6   | Found a basalt altar of Yredelemnul.
 15134 | Lair:6   | Noticed a dire elephant
 15135 | Lair:6   | Reached XP level 14. HP: 67/90 MP: 21/26
 15151 | Lair:6   | Killed a dire elephant
 15948 | Lair:6   | Learned a level 4 spell: Summon Lightning Spire
 16615 | D:12     | Found a staircase to the Orcish Mines.
 17037 | D:13     | Reached skill level 1 in Summonings
 17037 | D:13     | Reached skill level 1 in Air Magic
 17064 | D:13     | Found Kawkesui's Jewellery Emporium.
 17084 | D:13     | Bought a +6 ring of intelligence for 994 gold pieces
 18063 | D:13     | Found a gate to the Vaults.
 18256 | D:13     | Found a portal to a secret trove of treasure.
 18657 | D:14     | Reached XP level 15. HP: 80/101 MP: 19/27
 18977 | D:15     | Entered Level 15 of the Dungeon
 19202 | D:15     | Reached skill level 10 in Invocations
 19783 | D:15     | Found a staircase to the Depths.
 19783 | D:15     | Noticed a fire giant
 19852 | D:15     | HP: 3/102 [purple ugly thing (5)]
 20173 | D:15     | Reached skill level 5 in Air Magic
 20179 | D:15     | Reached skill level 5 in Summonings
 20639 | D:15     | Killed a fire giant
 20639 | D:15     | Reached skill level 11 in Shields
 20711 | D:15     | Reached skill level 10 in Fighting
 20917 | D:15     | Found Wam Udin's Magic Scroll Emporium.
 20926 | D:15     | Bought a scroll of blinking for 127 gold pieces
 20926 | D:15     | Bought a scroll of teleportation for 51 gold pieces
 20926 | D:15     | Bought 3 scrolls of fog for 102 gold pieces
 21241 | Orc:1    | Entered Level 1 of the Orcish Mines
 21320 | Orc:1    | Found a transporter.
 21328 | Orc:1    | Identified the cursed +8 giant club of Understanding
                  | {protect, Fragile rElec Dex+5}
 21347 | Orc:1    | Noticed Sinkib's ghost (journeyman MiFi)
 21348 | Orc:1    | Found a bloodstained altar of Trog.
 21357 | Orc:1    | Found a transporter.
 21358 | Orc:1    | Identified the +9 broad axe of Deformation {holy, rPois rN+
                  | MR+ MP-9}
 21665 | Orc:2    | Entered Level 2 of the Orcish Mines
 21665 | Orc:2    | Found Piagivit's Book Emporium.
 21888 | Orc:2    | Found Byluvout's General Store.
 21902 | Orc:2    | Noticed an orc warlord
 21916 | Orc:2    | Killed an orc warlord
 21977 | Orc:2    | Reached skill level 12 in Shields
 22439 | Orc:2    | Paralysed by an orc sorcerer for 3 turns
 22840 | Orc:2    | Found a staircase to the Elven Halls.
 22894 | Orc:2    | Found Botimp's Antique Armour Emporium.
 22968 | Orc:2    | Found Xiepikh's Antique Weapon Emporium.
 23289 | Spider:1 | Entered Level 1 of the Spider Nest
 23322 | Spider:1 | Reached XP level 16. HP: 109/109 MP: 28/28
 23345 | Spider:1 | Reached skill level 13 in Shields
 24236 | Spider:2 | Learned a level 6 spell: Statue Form
 24443 | Spider:2 | Reached skill level 1 in Transmutations
 24443 | Spider:2 | Reached skill level 1 in Earth Magic
 24711 | Spider:2 | Noticed Azrael
 24719 | Spider:2 | Reached skill level 14 in Shields
 24722 | Spider:2 | Killed Azrael
 25008 | D:15     | Bought a scroll of brand weapon for 340 gold pieces
 26111 | Swamp:1  | Entered Level 1 of the Swamp
 26165 | Swamp:1  | Reached skill level 5 in Earth Magic
 26168 | Swamp:1  | Reached skill level 5 in Transmutations
 27168 | D:13     | Bought a +2 ring of intelligence for 127 gold pieces
 27171 | D:13     | Bought a +2 ring of intelligence for 127 gold pieces
 27375 | Spider:3 | Reached XP level 17. HP: 115/115 MP: 23/29
 27382 | Spider:3 | Noticed Louise
 27396 | Spider:3 | Cast into level 2 of the Abyss (Louise)
 27469 | Abyss:2  | Noticed a tentacled starspawn
 27476 | Abyss:2  | Killed a tentacled starspawn
 27603 | Abyss:2  | Noticed a lich
 27607 | Abyss:2  | Noticed a lich
 27612 | Abyss:2  | Killed a lich
 27615 | Spider:3 | Escaped the Abyss
 27621 | Spider:3 | Cast into level 2 of the Abyss (Louise)
 27651 | Spider:3 | Escaped the Abyss
 27655 | Spider:3 | Killed Louise
 27923 | Spider:3 | Noticed Arachne
 27941 | Spider:3 | Killed Arachne
 27956 | Spider:3 | Noticed Mara
 27967 | Spider:3 | Noticed MisterFreud's illusion
 27974 | Spider:3 | Killed Mara
 28213 | Spider:3 | Noticed Bai Suzhen
 28226 | Spider:3 | Killed Bai Suzhen
 28543 | Spider:4 | Entered Level 4 of the Spider Nest
 28664 | Spider:3 | Upgraded the game from 0.25-a0-246-g58704a1ebd to
                  | 0.25-a0-251-g572059c536
 28778 | Spider:4 | Reached XP level 18. HP: 120/120 MP: 18/30
 28783 | Spider:4 | Reached skill level 10 in Earth Magic
 28792 | Spider:4 | Reached skill level 10 in Transmutations
 28795 | Spider:4 | Found a frozen archway.
 28817 | IceCv    | Entered an ice cave
 28896 | IceCv    | Reached skill level 15 in Shields
 29630 | Spider:4 | Reached skill level 10 in Spellcasting
 29644 | Spider:4 | HP: 1/120 [emperor scorpion (12)]
 29644 | Spider:4 | Slain by an emperor scorpion

Levels and vault maps discovered:
D:1:      minmay_arrival_arboretum_small, layout_basic
D:2:      layout_basic
D:3:      minmay_chambers_of_twos, layout_basic, ebering_ghost_rock_garden,
          uniq_natasha
D:4:      layout_loops_corners, vehumet_statue, kennysheep_mini_moat,
          temple_hall, serial_shops, nicolae_shop_behind_doors, first_ration
D:5:      layout_loops_ring, kennysheep_mini, marbit_many_paths,
          nicolae_tso_besieged_by_evil
D:6:      layout_basic, nicolae_dithmenos_shadow_blocks, minmay_misc_feat_room,
          minmay_misc_feat_pillars
D:7:      layout_loops_ring, nemelex_xobeh_ov_fountains_minmay,
          trog_ov_bears_minmay, gammafunk_temple_overflow_forgotten
D:8:      cheibrodos_shockbox, layout_basic
D:9:      layout_rooms, lemuel_round_altar, minitemple, grunt_livestock
D:10:     layout_roguey, serial_shops, nicolae_shop_stone
D:11:     layout_irregular_city, lair_entry_dummy
D:12:     layout_loops_corners, hiddenorc2_lemuel, lightli_corner_chamber
D:13:     layout_gridville, grunt_vaults_entry_tiered,
          nicolae_trove_entry_crystal, minivault_26, minmay_misc_feat_iff,
          minmay_shop_enchanted_jewellery, serial_bayou_lake_a
D:14:     layout_rooms
D:15:     grunt_enter_depths_giant_problem, layout_stronghold, serial_shops,
          shop, grunt_decor_arrowhead
Temple:   compressed_dpeg_triangle_lava_temple
Lair:1:   layout_regular_city, chequers_serial_rivers_micro_e, minivault_11,
          grunt_forest_small_clearing_treed
Lair:2:   layout_long_grid, skrybe_swamp_entry_bodies, dummy_spider_entry
Lair:3:   layout_regular_city, uniq_gastronok
Lair:4:   layout_long_grid, grunt_megastairs_4, minmay_lair_oklob_chamber
Lair:5:   layout_roguey, slime_dummy, basic_altar, gammafunk_ghost_ooze,
          nicolae_quartered_pool_medium, chequers_serial_rivers_small_b,
          minivault_23, cheibrodos_lair_caveside_slide
Lair:6:   gammafunk_lair_ancient_temple, layout_loops_ring, basic_altar,
          enter_volcano_1
Swamp:1:  layout_basic_swamp, nicolae_swamp_dense_foliage,
          infiniplex_staircase_pool_2
Swamp:2:  cheibrodos_swamp_heart_of_darkness, layout_basic_swamp,
          hangedman_swamp_ruin_wall
Spider:1: layout_spider_delve
Spider:2: cheibrodos_forgotten_conduit, nicolae_spider_cling_ruins, uniq_azrael
Spider:3: layout_spider_delve, spiders_nest_ghost_moth_duel, uniq_bai_suzhen,
          uniq_arachne, uniq_louise, uniq_mara
Spider:4: grunt_spider_rune_circles, portal_ice_cave_entry_ice_statue_two
Orc:1:    layout_caves, gammafunk_ghost_wrathful_warriors
Orc:2:    grunt_orc_gardens, layout_diamond_mine, grunt_orc_garden,
          grunt_orc_garden, grunt_orc_garden, grunt_orc_garden, sword_in_stone

Skill      XL: |  1  2  3  4  5  6  7  8  9 10 11 12 13 14 15 16 17 18 |
---------------+-------------------------------------------------------+-----
Dodging        | 2 3 4 6 7 8 9 10 | 10.0
Shields        | 3 5 6 7 9 10 12 14 15 | 15.0
Invocations    | 1 3 5 6 9 10 | 10.0
Evocations     | 3 4 6 |  6.0
Fighting       | 5 6 9 10 | 10.0
Polearms       | 5 10 13 14 | 14.0
Spellcasting   | 8 10 | 10.1
Summonings     | 3 6 |  6.0
Air Magic      | 3 6 |  6.0
Transmutations | 6 9 10 | 10.0
Earth Magic    | 6 9 10 | 10.0
Stealth        | |  2.6

Action                   |  1- 3 |  4- 6 |  7- 9 | 10-12 | 13-15 | 16-18 || total
-------------------------+-------+-------+-------+-------+-------+-------++-------
Melee: Dagger            |    88 |   124 |   272 |    70 |       |       ||   554
       Constrict         |    23 |    35 |    72 |    55 |   159 |   151 ||   495
       Tentacles         |     6 |    18 |    59 |   194 |   385 |   352 ||  1014
       Trident           |       |       |       |   450 |  1073 |   578 ||  2101
       Demon trident     |       |       |       |       |       |   345 ||   345
 Cast: Summon Lightning  |       |       |       |       |    10 |     7 ||    17
       Statue Form       |       |       |       |       |       |    33 ||    33
Invok: Slouch            |       |       |       |     1 |    11 |     9 ||    21
       Temporal Distorti |       |       |       |     1 |       |       ||     1
Evoke: Wand              |       |       |     1 |     9 |     9 |    23 ||    42
  Use: Scroll            |     8 |     1 |    10 |    12 |     7 |     8 ||    46
       Potion            |       |     1 |       |     1 |     6 |     2 ||    10
 Stab: Sleeping          |    12 |     4 |    20 |    21 |    29 |    19 ||   105
       Distracted        |       |       |       |     2 |     7 |     1 ||    10
       Confused          |       |       |       |       |     3 |       ||     3
       Petrified         |       |       |       |       |     2 |       ||     2
       Held in net/web   |       |       |       |       |       |     2 ||     2
  Eat: Chunk             |     2 |     5 |     8 |    12 |    20 |    10 ||    57
       Ration            |       |       |       |       |       |     3 ||     3
Armor: Skin              |     8 |     9 |     5 |    28 |    25 |   249 ||   324
Dodge: Dodged            |    69 |    65 |   123 |   258 |   386 |   644 ||  1545
Block: Shield            |       |     7 |   103 |   275 |   473 |   744 ||  1602

Table legend:
 A = Non-vault XP
 B = Vault XP
 C = Vault XP percentage of total XP
 D = Non-vault monster count
 E = Vault monster count
 F = Vault count percentage of total count
                 A         B        C        D         E       F
            +---------+---------+-------+---------+---------+-------
      Total |  182664 |   85353 |  31.8 |     819 |     222 |  21.3
            +---------+---------+-------+---------+---------+-------
        D:1 |      46 |       0 |   0.0 |      28 |       0 |   0.0
        D:2 |      29 |       0 |   0.0 |      12 |       0 |   0.0
        D:3 |     360 |      65 |  15.3 |      37 |       9 |  19.6
        D:4 |     317 |       0 |   0.0 |      20 |       0 |   0.0
        D:5 |     368 |      86 |  18.9 |      19 |       7 |  26.9
        D:6 |    1312 |       0 |   0.0 |      29 |       0 |   0.0
        D:7 |     951 |     261 |  21.5 |      25 |       2 |   7.4
        D:8 |    1934 |       0 |   0.0 |       9 |       0 |   0.0
        D:9 |     834 |     974 |  53.9 |      20 |       5 |  20.0
       D:10 |    2768 |       0 |   0.0 |      16 |       0 |   0.0
       D:11 |    3020 |       0 |   0.0 |      18 |       0 |   0.0
       D:12 |     813 |     528 |  39.4 |      12 |      31 |  72.1
       D:13 |    8640 |    7113 |  45.2 |      33 |      25 |  43.1
       D:14 |    7958 |       0 |   0.0 |      29 |       0 |   0.0
       D:15 |   19276 |    1835 |   8.7 |      54 |       1 |   1.8
     Lair:1 |    3640 |       0 |   0.0 |      17 |       0 |   0.0
     Lair:2 |    5911 |     515 |   8.0 |      25 |       2 |   7.4
     Lair:3 |    4416 |    2338 |  34.6 |      17 |       1 |   5.6
     Lair:4 |    4487 |     493 |   9.9 |      23 |       2 |   8.0
     Lair:5 |    7157 |       0 |   0.0 |      28 |       0 |   0.0
     Lair:6 |   12425 |    8965 |  41.9 |      31 |      23 |  42.6
    Swamp:1 |    6732 |       0 |   0.0 |      29 |       0 |   0.0
    Swamp:2 |    5653 |       0 |   0.0 |      21 |       0 |   0.0
   Spider:1 |   12706 |       0 |   0.0 |      40 |       0 |   0.0
   Spider:2 |   19609 |    6847 |  25.9 |      57 |      17 |  23.0
   Spider:3 |   21980 |   23764 |  51.9 |      55 |      12 |  17.9
   Spider:4 |   11827 |   10078 |  46.0 |      37 |      23 |  38.3
      Orc:1 |    1410 |       0 |   0.0 |      24 |       0 |   0.0
      Orc:2 |    4154 |   10024 |  70.7 |      35 |      32 |  47.8
    Abyss:2 |   11931 |       0 |   0.0 |      19 |       0 |   0.0
      IceCv |       0 |    8944 | 100.0 |       0 |      25 | 100.0
    Volcano |       0 |    2523 | 100.0 |       0 |       5 | 100.0
            +---------+---------+-------+---------+---------+-------
